 Dungeon Crawl Stone Soup version 0.26-a0-663-g36e8fdb655 (webtiles) character file.

Game seed: 2569918923722463058

12685 jasper the Carver (level 11, -3/89 HPs)
             Began as a Gnoll Berserker on Oct 11, 2020.
             Was an Elder of Trog.
             Slain by a red ugly thing (18 damage)
             ... on level 14 of the Dungeon.
             The game lasted 00:18:52 (11121 turns).

jasper the Carver (Gnoll Berserker)                Turns: 11121, Time: 00:18:53

Health: -3/89      AC: 19    Str: 19    XL:     11   Next: 97%
Magic:  30/30      EV: 13    Int: 11    God:    Trog [****..]
Gold:   343        SH:  7    Dex: 23    Spells: 23/23 levels left

rFire    . . .     SeeInvis +   Q - +5 long sword of Accord {vorpal, MR+ SInv}
rCold    + . .     Faith    .   L - +0 buckler
rNeg     . . .     Spirit   .   e - +0 chain mail
rPois    .         Reflect  .   W - +2 helmet "Toucsuk" {Dex+6}
rElec    +         Harm     .   s - scarf {repulsion}
rCorr    .         Rampage  .   (no gloves)
MR       ++++.                  l - +0 pair of boots
Stlth    +.........             X - amulet of regeneration
HPRegen  1.64/turn              Y - ring "Dol Xidinexi" {rElec rC+ MR+ MP+9}
MPRegen  0.22/turn              D - +4 ring of protection

@: regenerating, slowed, repel missiles, very slow
A: distributed training, fangs 1, strong nose
a: Berserk, Trog's Hand, Brothers in Arms, Renounce Religion


You were on level 14 of the Dungeon.
You worshipped Trog.
Trog was greatly pleased with you.
You visited 1 branch of the dungeon, and saw 14 of its levels.

You collected 654 gold pieces.
You spent 311 gold pieces at shops.

Inventory:

Hand Weapons
 u - a +1 falchion of holy wrath
 G - a cursed +0 great sword of draining
 Q - the +5 long sword of Accord (weapon) {vorpal, MR+ SInv}
   (You bought it in a shop on level 5 of the Dungeon)

   It inflicts extra damage upon your enemies.
   It affects your resistance to hostile enchantments.
   It lets you see invisible.
 Z - a +3 scimitar of flaming
Missiles
 h - 5 boomerangs (quivered)
 t - 6 javelins
 y - 2 throwing nets
 B - 177 stones
 F - 78 bolts
Armour
 b - a +0 animal skin
 e - a +0 chain mail (worn)
 l - a +0 pair of boots (worn)
 s - a scarf of repulsion (worn)
 E - a +2 helmet
 L - a +0 buckler (worn)
 W - the +2 helmet "Toucsuk" (worn) {Dex+6}
   (You found it on level 11 of the Dungeon)

   It affects your dexterity (+6).
Jewellery
 D - a +4 ring of protection (right hand)
 H - an uncursed ring of ice
 M - an uncursed amulet of guardian spirit
 N - a -4 ring of dexterity
 O - a -4 ring of strength
 S - a cursed ring of ice
 T - an uncursed amulet of inaccuracy
 X - an amulet of regeneration (around neck)
 Y - the ring "Dol Xidinexi" (left hand) {rElec rC+ MR+ MP+9}
   (You found it on level 15 of the Dungeon)

   [ring of magical power]

   It protects you from cold.
   It insulates you from electricity.
   It affects your resistance to hostile enchantments.
   It affects your magic capacity (+9).
Wands
 r - a wand of polymorph (9)
 C - a wand of disintegration (36)
 U - a wand of flame (30)
Scrolls
 d - 7 scrolls of enchant weapon
 i - 2 scrolls of amnesia
 n - 2 scrolls of immolation
 o - 2 scrolls of fog
 q - 4 scrolls of teleportation
 x - a scroll of magic mapping
Potions
 f - 5 potions of haste
 g - 2 potions of lignification
 j - 2 potions of flight
 k - 4 potions of stabbing
 m - 2 potions of resistance
 p - 2 potions of mutation
 z - 2 potions of magic
 A - 4 potions of curing
 I - 4 potions of brilliance
 J - 2 potions of might {unknown}
 K - 3 potions of ambrosia {unknown}
 P - a potion of degeneration {unknown}
 R - a potion of cancellation {unknown}
Miscellaneous
 v - a tin of tremorstones (3/3)


   Skills:
 + Level 9.5 Fighting
 + Level 6.8 Short Blades
 + Level 9.5 Long Blades
 + Level 6.8 Axes
 + Level 6.8 Maces & Flails
 + Level 6.8 Polearms
 + Level 6.8 Staves
 + Level 6.8 Slings
 + Level 6.8 Bows
 + Level 6.8 Crossbows
 + Level 6.8 Throwing
 + Level 8.3 Armour
 + Level 8.3 Dodging
 + Level 6.8 Stealth
 + Level 6.8 Shields
 + Level 6.8 Unarmed Combat
 + Level 6.8 Spellcasting
 + Level 5.6 Conjurations
 + Level 5.6 Hexes
 + Level 5.6 Summonings
 + Level 5.6 Necromancy
 + Level 5.6 Translocations
 + Level 5.6 Transmutations
 + Level 5.6 Fire Magic
 + Level 5.6 Ice Magic
 + Level 5.6 Air Magic
 + Level 5.6 Earth Magic
 + Level 5.6 Poison Magic
 + Level 7.4 Invocations
 + Level 6.8 Evocations


You had 23 spell levels left.
You didn't know any spells.
Your spell library was empty.

Dungeon Overview and Level Annotations

Branches:
Dungeon (15/15)            Temple (0/1) D:4            Lair (0/6) D:8
 Depths (0/5) D:15
    Orc: D:9-12      Vaults: D:13-14

Altars:
Ashenzari
Cheibriados
Gozag
Kikubaaqudgha
Makhleb
Okawaru
Qazlal
Vehumet
Wu Jian
Xom
Zin
The Shining One

Shops:
D:5 ((*}(


Innate Abilities, Weirdness & Mutations

Your experience applies equally to all skills.
You have very sharp teeth.
Your uncanny sense of smell can sniff out nearby items.


Message History

As you read the scroll of blinking, it crumbles to dust.
Your surroundings suddenly seem different.
A red ugly thing comes into view.
The red ugly thing gurgles horribly!
A red ugly thing comes into view.
The red ugly thing gurgles horribly!
A red ugly thing comes into view.
The red ugly thing gurgles horribly!
A red ugly thing comes into view.
An ogre comes into view. It is wielding a +0 giant spiked club.
Found a condenser vane (2/2) and a scroll of blinking.
A shadow comes into view.
You regained 2 hp, and now have 23/89 hp.
Unknown command.
Okay, then.
The red ugly thing punches you but does no damage.
The red ugly thing gores you!
* * * LOW HITPOINT WARNING * * *
You are engulfed in flames!!
You die...

.............##
..............##
...............##
................##
#...^...........##
#...?............##
##....u.u}.Zy......##
....uuu@..# #.yO....##
....p.....# #.§y.....##
...........y#.C.......##
.....#.................#
....###O._..............
.... ..................
... ................/..
.. ................!..
......#..
....................


You could see 5 ugly things, a hornet, a vampire mosquito, an ogre, a shadow and
a centaur warrior skeleton.

Vanquished Creatures
  2 two-headed ogres (D:8)
  A tengu warrior (D:9)
  A wolf spider zombie (D:15)
  A manticore (D:15)
  A deep elf mage (D:15)
  A centaur skeleton (D:10)
  An efreet (D:15)
  A komodo dragon (D:11)
  A freezing wraith (D:15)
  A tengu conjurer (D:9)
  3 trolls (D:9)
  2 hornets
  A wyvern (D:9)
  11 yaks
  An acid dragon (D:10)
  3 sky beasts
  2 ice beasts
  An eye of draining (D:8)
  3 orc warriors
  2 black bears
  A necrophage (D:10)
  8 ogres
  4 centaurs
  A big kobold (D:11)
  4 bullfrogs
  A wyvern skeleton (D:14)
  4 scorpions
  4 killer bees
  4 wights (D:5)
  A howler monkey (D:5)
  2 centaur zombies
  2 bullfrog zombies
  10 hounds
  6 orc priests
  4 bullfrog skeletons
  2 jellies
  10 orc wizards
  A gnoll shaman (D:5)
  2 iguanas
  10 worker ants
  A killer bee zombie (D:8)
  3 hound skeletons
  A worker ant zombie (D:7)
  Robin (D:4)
  15 gnolls
  11 adders
  2 shadow imps
  A white imp (D:5)
  4 ufetubi
  2 oozes
  An adder zombie (D:5)
  3 worms
  A dart slug (D:3)
  5 leopard geckos
  45 orcs
  2 ball pythons (D:4)
  8 giant cockroaches
  13 goblins
  5 hobgoblins
  13 jackals
  10 kobolds
  A quokka (D:3)
  A bat (D:3)
  6 frilled lizards
  A jackal zombie (D:6)
  A leopard gecko zombie (D:5)
  3 quokka skeletons
  4 rats
285 creatures vanquished.

Vanquished Creatures (collateral kills)
  4 ugly things (D:15)
  A wyvern skeleton (D:9)
  A water moccasin zombie (D:9)
  A hobgoblin (D:9)
7 creatures vanquished.

Vanquished Creatures (others)
  A yak (D:14)
  A jackal (D:8)
  10 fungi (D:8)
  33 plants
45 creatures vanquished.

Grand Total: 337 creatures vanquished

Notes
Turn   | Place    | Note
-------+----------+-------------------------------------------
     0 | D:1      | jasper the Gnoll Berserker began the quest for the Orb.
     0 | D:1      | Reached XP level 1. HP: 23/23 MP: 1/1
   159 | D:1      | Reached XP level 2. HP: 29/29 MP: 2/2
   887 | D:2      | Reached XP level 3. HP: 35/35 MP: 3/3
   956 | D:2      | Reached skill level 1 in Invocations
  1021 | D:2      | Found an opulent altar of Gozag.
  1037 | D:2      | Reached skill level 1 in Short Blades
  1037 | D:2      | Reached skill level 1 in Axes
  1037 | D:2      | Reached skill level 1 in Maces & Flails
  1037 | D:2      | Reached skill level 1 in Polearms
  1037 | D:2      | Reached skill level 1 in Staves
  1037 | D:2      | Reached skill level 1 in Slings
  1037 | D:2      | Reached skill level 1 in Bows
  1037 | D:2      | Reached skill level 1 in Crossbows
  1037 | D:2      | Reached skill level 1 in Throwing
  1037 | D:2      | Reached skill level 1 in Stealth
  1037 | D:2      | Reached skill level 1 in Shields
  1037 | D:2      | Reached skill level 1 in Unarmed Combat
  1037 | D:2      | Reached skill level 1 in Spellcasting
  1037 | D:2      | Reached skill level 1 in Evocations
  1191 | D:2      | Found a burning altar of Makhleb.
  1216 | D:2      | Reached XP level 4. HP: 41/41 MP: 5/5
  1297 | D:2      | Found an ornate altar of the Wu Jian Council.
  1297 | D:2      | Found a shimmering altar of Xom.
  1439 | D:2      | You fall into a shaft and drop 2 floors!
  1450 | D:4      | Reached skill level 1 in Conjurations
  1450 | D:4      | Reached skill level 1 in Hexes
  1450 | D:4      | Reached skill level 1 in Summonings
  1450 | D:4      | Reached skill level 1 in Necromancy
  1450 | D:4      | Reached skill level 1 in Translocations
  1450 | D:4      | Reached skill level 1 in Transmutations
  1450 | D:4      | Reached skill level 1 in Fire Magic
  1450 | D:4      | Reached skill level 1 in Ice Magic
  1450 | D:4      | Reached skill level 1 in Air Magic
  1450 | D:4      | Reached skill level 1 in Earth Magic
  1450 | D:4      | Reached skill level 1 in Poison Magic
  1452 | D:4      | Reached XP level 5. HP: 47/47 MP: 6/6
  1463 | D:4      | Reached ** piety under Trog
  1598 | D:4      | Reached XP level 6. HP: 53/53 MP: 8/8
  1830 | D:3      | Reached skill level 5 in Armour
  1830 | D:3      | Reached skill level 5 in Dodging
  1875 | D:3      | Found a radiant altar of Vehumet.
  1905 | D:3      | Found a snail-covered altar of Cheibriados.
  2429 | D:3      | Found an ancient bone altar of Kikubaaqudgha.
  2622 | D:4      | Reached XP level 7. HP: 29/59 MP: 10/10
  2797 | D:4      | Reached *** piety under Trog
  2876 | D:4      | Noticed Robin
  2902 | D:4      | Killed Robin
  3292 | D:4      | Found a staircase to the Ecumenical Temple.
  3403 | D:5      | Entered Level 5 of the Dungeon
  3506 | D:5      | Reached XP level 8. HP: 67/67 MP: 12/12
  3552 | D:5      | Found Waipig's Gadget Shoppe.
  3566 | D:5      | Found Attid's Antique Weapon Shop.
  4029 | D:5      | Found Edde's General Store.
  4051 | D:5      | Bought a scroll of teleportation for 39 gold pieces
  4051 | D:5      | Bought a scroll of identify for 26 gold pieces
  4189 | D:5      | Found Quehoakk's Antique Weapon Shop.
  4394 | D:5      | Found Wuolaaq's Antique Weapon Boutique.
  4581 | D:5      | Found a stormy altar of Qazlal.
  5225 | D:6      | Reached XP level 9. HP: 72/72 MP: 14/14
  5400 | D:6      | Found a glowing golden altar of the Shining One.
  5691 | D:7      | Reached **** piety under Trog
  5749 | D:7      | Found an iron altar of Okawaru.
  5898 | D:7      | Found an opulent altar of Gozag.
  7226 | D:8      | Reached skill level 5 in Invocations
  7305 | D:8      | Noticed a two-headed ogre
  7314 | D:8      | Killed a two-headed ogre
  7314 | D:8      | Reached XP level 10. HP: 80/80 MP: 13/17
  7407 | D:8      | Found a glowing golden altar of the Shining One.
  7599 | D:8      | Reached skill level 5 in Short Blades
  7599 | D:8      | Reached skill level 5 in Axes
  7599 | D:8      | Reached skill level 5 in Maces & Flails
  7599 | D:8      | Reached skill level 5 in Polearms
  7599 | D:8      | Reached skill level 5 in Staves
  7599 | D:8      | Reached skill level 5 in Slings
  7599 | D:8      | Reached skill level 5 in Bows
  7599 | D:8      | Reached skill level 5 in Crossbows
  7599 | D:8      | Reached skill level 5 in Throwing
  7599 | D:8      | Reached skill level 5 in Stealth
  7599 | D:8      | Reached skill level 5 in Shields
  7599 | D:8      | Reached skill level 5 in Unarmed Combat
  7599 | D:8      | Reached skill level 5 in Spellcasting
  7599 | D:8      | Reached skill level 5 in Evocations
  7762 | D:8      | Found a staircase to the Lair.
  7985 | D:8      | Noticed a two-headed ogre
  7997 | D:8      | Killed a two-headed ogre
  8231 | D:5      | Bought a bloodstained long sword for 246 gold pieces
  8231 | D:5      | Identified the +5 long sword of Accord {vorpal, MR+ SInv}
                  | (You bought it in a shop on level 5 of the Dungeon)
  8773 | D:9      | Noticed a tengu warrior
  8792 | D:9      | Killed a tengu warrior
  8792 | D:9      | Reached XP level 11. HP: 87/87 MP: 16/19
  8798 | D:9      | Found a radiant altar of Vehumet.
  9003 | D:9      | Reached ***** piety under Trog
  9004 | D:9      | Found a broken altar of Ashenzari.
  9110 | D:10     | Entered Level 10 of the Dungeon
  9163 | D:10     | Reached skill level 5 in Conjurations
  9163 | D:10     | Reached skill level 5 in Hexes
  9163 | D:10     | Reached skill level 5 in Summonings
  9163 | D:10     | Reached skill level 5 in Necromancy
  9163 | D:10     | Reached skill level 5 in Translocations
  9163 | D:10     | Reached skill level 5 in Transmutations
  9163 | D:10     | Reached skill level 5 in Fire Magic
  9163 | D:10     | Reached skill level 5 in Ice Magic
  9163 | D:10     | Reached skill level 5 in Air Magic
  9163 | D:10     | Reached skill level 5 in Earth Magic
  9163 | D:10     | Reached skill level 5 in Poison Magic
  9270 | D:10     | Found a broken altar of Ashenzari.
 10450 | D:11     | Got a steaming helmet
 10461 | D:11     | Identified the +2 helmet "Toucsuk" {Dex+6} (You found it on
                  | level 11 of the Dungeon)
 10767 | D:12     | You fall into a shaft and drop 3 floors!
 10767 | D:15     | Entered Level 15 of the Dungeon
 10777 | D:15     | Noticed a deep elf mage
 10785 | D:15     | Killed a deep elf mage
 10841 | D:15     | Got a shimmering wooden ring
 10870 | D:15     | Identified the ring "Dol Xidinexi" {rElec rC+ MR+ MP+9}
                  | (You found it on level 15 of the Dungeon)
 10925 | D:15     | Noticed a manticore
 10941 | D:15     | Killed a manticore
 11038 | D:15     | Noticed a cyan ugly thing
 11038 | D:15     | Noticed a cyan ugly thing
 11039 | D:15     | Noticed a cyan ugly thing
 11045 | D:15     | Killed a cyan ugly thing
 11046 | D:15     | Noticed a cyan ugly thing
 11048 | D:15     | Killed a cyan ugly thing
 11049 | D:15     | Killed a cyan ugly thing
 11050 | D:15     | Killed a cyan ugly thing
 11104 | D:14     | Noticed a two-headed ogre
 11116 | D:14     | Found a glowing silver altar of Zin.
 11116 | D:14     | Noticed a cyclops
 11117 | D:14     | Noticed a red ugly thing
 11120 | D:14     | Noticed a red ugly thing
 11120 | D:14     | Noticed a red ugly thing
 11120 | D:14     | Noticed a red ugly thing
 11120 | D:14     | Noticed a red ugly thing
 11121 | D:14     | Slain by a red ugly thing

Illustrated notes

Levels and vault maps discovered:
D:1:      nicolae_arrival_washed_ashore, layout_loops_ring,
          kennysheep_another_room
D:2:      layout_basic, lemuel_crystal_altar, grunt_gozag_statues,
          amethyst_overflow_temple_binary
D:3:      layout_rooms, nicolae_overflow_crystal_walls, lemuel_crystal_altar,
          kennysheep_slug_shrine
D:4:      layout_loops_ring, nicolae_overflow_hidden_temple,
          minmay_temple_entry_statues_pillars, uniq_robin
D:5:      minmay_spotlight, layout_loops_ring, kennysheep_mini, serial_bayou,
          serial_bayou_shore_b, serial_bayou_lagoon_a, serial_bayou_pond_b,
          serial_bayou_pond_b, serial_bayou_shore_b, serial_bayou_ford_a,
          serial_shops, shop, shop, nicolae_shop_behind_doors, shop,
          nicolae_shop_behind_doors
D:6:      layout_rooms, tso_metal_star
D:7:      layout_layer_cave, kennysheep_mini_moat, basic_altar,
          kennysheep_generic_room_15
D:8:      black_bear_nest_2, layout_basic, grunt_lair_entry_orc_guard_hut,
          basic_altar
D:9:      layout_rooms, ashenzari_conservatory_becter, vehumet_altar_wand_db
D:10:     layout_stronghold, grunt_ashenzari_visionary
          [grunt_ashenzari_visionary_shoals, grunt_ashenzari_visionary_spider]
D:11:     minmay_curly_fans, layout_rooms
D:12:     layout_loops_cross, david_orc_3
D:14:     layout_big_octagon, basic_altar, corexii_corridor_pit
D:15:     hangedman_depths_entry_try_elsewhere_first, layout_irregular_city,
          roderic_lattice_a, tgw_fedhas

Skill      XL: |  1  2  3  4  5  6  7  8  9 10 11 |
---------------+----------------------------------+-----
Invocations    | 1 2 3 4 5 6 7 |  7.4
Short Blades   | 1 2 3 4 5 6 |  6.8
Axes           | 1 2 3 4 5 6 |  6.8
Maces & Flails | 1 2 3 4 5 6 |  6.8
Polearms       | 1 2 3 4 5 6 |  6.8
Staves         | 1 2 3 4 5 6 |  6.8
Slings         | 1 2 3 4 5 6 |  6.8
Bows           | 1 2 3 4 5 6 |  6.8
Crossbows      | 1 2 3 4 5 6 |  6.8
Throwing       | 1 2 3 4 5 6 |  6.8
Stealth        | 1 2 3 4 5 6 |  6.8
Shields        | 1 2 3 4 5 6 |  6.8
Unarmed Combat | 1 2 3 4 5 6 |  6.8
Spellcasting   | 1 2 3 4 5 6 |  6.8
Evocations     | 1 2 3 4 5 6 |  6.8
Conjurations   | 1 2 3 4 5 |  5.6
Hexes          | 1 2 3 4 5 |  5.6
Summonings     | 1 2 3 4 5 |  5.6
Necromancy     | 1 2 3 4 5 |  5.6
Translocations | 1 2 3 4 5 |  5.6
Transmutations | 1 2 3 4 5 |  5.6
Fire Magic     | 1 2 3 4 5 |  5.6
Ice Magic      | 1 2 3 4 5 |  5.6
Air Magic      | 1 2 3 4 5 |  5.6
Earth Magic    | 1 2 3 4 5 |  5.6
Poison Magic   | 1 2 3 4 5 |  5.6
Armour         | 5 6 7 8 |  8.3
Dodging        | 5 6 7 8 |  8.3
Fighting       | 7 8 9 |  9.5
Long Blades    | 7 8 9 |  9.5

Action                   |  1- 3 |  4- 6 |  7- 9 | 10-12 || total
-------------------------+-------+-------+-------+-------++-------
Melee: Falchion          |    29 |   137 |   388 |    74 ||   628
       Bite              |     4 |    15 |    65 |    48 ||   132
       Punch             |       |       |     5 |       ||     5
       Long sword        |       |       |       |   228 ||   228
Throw: Boomerang         |    27 |    34 |    49 |    93 ||   203
Invok: Berserk           |     3 |     3 |     8 |    11 ||    25
       Trog's Hand       |       |     2 |     1 |     4 ||     7
       Brothers in Arms  |       |       |       |     4 ||     4
  Use: Scroll            |     4 |       |    13 |    13 ||    30
       Potion            |       |     1 |       |       ||     1
 Stab: Distracted        |       |       |       |     1 ||     1
Armor: Chain mail        |    10 |    53 |   203 |   137 ||   403
       Skin              |       |     3 |       |       ||     3
Dodge: Dodged            |    10 |    72 |   206 |   163 ||   451
       Repelled          |       |       |       |     1 ||     1
Block: Buckler           |       |       |    38 |   103 ||   141
       Rpst.: Falchion   |     3 |    20 |    62 |     7 ||    92
       Long sword        |       |       |       |    33 ||    33

Table legend: (Time is in decaauts)
 A = Elapsed time spent in this place.
 B = Non-inter-level travel time spent in this place.
 C = Inter-level travel time spent in this place.
 D = Time resting spent in this place.
 E = Time spent auto-exploring this place.
 F = Levels seen in this place.
 G = Mean time per level.
                   A        B        C        D        E       F      G
               +--------+--------+--------+--------+--------+-----+--------+
         Total |  11311 |  10839 |    472 |   1435 |   7290 |  14 |  807.9 |
       Dungeon |  11311 |  10839 |    472 |   1435 |   7290 |  14 |  807.9 |
               +--------+--------+--------+--------+--------+-----+--------+

Top non-repeatable levels by time:
     D:7: 1555 daAuts
     D:5: 1415 daAuts
     D:4: 1250 daAuts
     D:8: 1152 daAuts
    D:10: 1069 daAuts
     D:6: 889 daAuts
     D:1: 858 daAuts
     D:2: 824 daAuts
     D:9: 756 daAuts
    D:11: 591 daAuts
     D:3: 559 daAuts
    D:15: 346 daAuts
    D:14: 25 daAuts
    D:12: 16 daAuts
